 Dungeon Crawl Stone Soup version 0.22-a0-373-gab1296c (webtiles) character file.

10 Falco the Chiller (level 2, 0/15 HPs)
             Began as a Gargoyle Ice Elementalist on Apr 25, 2018.
             Slain by a leopard gecko (3 damage)
             ... on level 1 of the Dungeon.
             The game lasted 00:03:36 (900 turns).

Falco the Chiller (Gargoyle Ice Elementalist)        Turns: 900, Time: 00:03:36

Health: 0/15       AC:  4    Str: 11    XL:     2   Next: 20%
Magic:  5/5        EV: 12    Int: 15    God:
Gold:   8          SH:  0    Dex: 10    Spells: 4/5 levels left

rFire    . . .     SeeInvis .   d - +0 dagger
rCold    . . .     Gourm    .   (no shield)
rNeg     + . .     Faith    .   a - +0 robe
rPois    ∞         Spirit   .   (no helmet)
rElec    +         Reflect  .   (no cloak)
rCorr    .         Harm     .   (no gloves)
MR       .....                  (no boots)
Stlth    ++........             (no amulet)
HPRegen  0.05/turn              (no ring)
MPRegen  0.09/turn              (no ring)

@: no status effects
A: negative energy resistance 1, electricity resistance, unbreathing,
petrification resistance, rot immunity, AC +2
a: no special abilities


You were on level 1 of the Dungeon.
You were not hungry.

You visited 1 branch of the dungeon, and saw 1 of its levels.

You collected 8 gold pieces.

Inventory:

Hand Weapons
 d - a +0 dagger (weapon)
Missiles
 b - 13 bolts
 e - a stone (quivered)
Armour
 a - a +0 robe (worn)
Scrolls
 f - 2 scrolls of identify {unknown}
Comestibles
 c - 4 rations


   Skills:
 + Level 1.8 Dodging
 + Level 2.3 Stealth
 + Level 0.2 Unarmed Combat
 + Level 2.1 Spellcasting
   Level 1.1 Conjurations
 + Level 3.1 Ice Magic


You had 4 spell levels left.
You knew the following spells:

 Your Spells              Type           Power        Failure   Level  Hunger
a - Freeze                Ice            ##..         6%          1    #......


Dungeon Overview and Level Annotations

Branches:
Dungeon (1/15)

Altars:
Cheibriados


Innate Abilities, Weirdness & Mutations

You are resistant to torment.
Your stone body is resilient. (AC +2)
You are immune to poison.
You resist negative energy. (rN+)
You are resistant to electric shocks. (rElec)
You can survive without breathing.
You are immune to petrification.
You are immune to rotting.


Message History

You hit the kobold.
You kill the kobold!
You barely miss the leopard gecko. The leopard gecko barely misses you.
You closely miss the leopard gecko. Your punch misses the leopard gecko.
The leopard gecko bites you.
* * * LOW HITPOINT WARNING * * *
You are too injured to fight recklessly!
You are too injured to fight recklessly!
You are too injured to fight recklessly!
You are too injured to fight recklessly!
You are too injured to fight recklessly!
You hit the leopard gecko.
The leopard gecko is severely wounded.
The leopard gecko bites you.
* * * LOW HITPOINT WARNING * * *
The leopard gecko barely misses you.
You hit the leopard gecko but do no damage.
The leopard gecko is severely wounded.
The leopard gecko bites you.
You die...

#...... #....<. .# #......
##+# #.# #.8.... ##...##
##.## #...... .......
#...# #...⌠.⌠
.....>.######...# #......
........##......##########
.......rl@................
........##.........#######
.......###.........# ####
#.....# #.†....#### #...
##...# ###....# #.## .....
#....# #... ###. #.####
#..# #. #.# #... #.# ##.#


You could see a leopard gecko and a rat.

Vanquished Creatures
  A giant cockroach (D:1)
  A goblin (D:1)
  2 kobolds (D:1)
  2 bats (D:1)
  A frilled lizard (D:1)
  5 rats (D:1)
12 creatures vanquished.

Notes
Turn   | Place    | Note
-------+----------+-------------------------------------------
     0 | D:1      | Falco the Gargoyle Ice Elementalist began the quest for the Orb.
     0 | D:1      | Reached XP level 1. HP: 10/10 MP: 3/3
     2 | D:1      | Noticed an electric eel
   568 | D:1      | Reached XP level 2. HP: 9/15 MP: 5/5
   785 | D:1      | Found a snail-covered altar of Cheibriados.
   900 | D:1      | Slain by a leopard gecko

Vault maps used:
D:1:      arrival_aquarium_a, cheibriados_altar_1

Action                   || total
-------------------------++-------
Melee: Dagger            ||    47
       Unarmed           ||    29
 Cast: Freeze            ||     2
 Stab: Sleeping          ||     2
Armor: Robe              ||    22
Dodge: Dodged            ||    42

Table legend:
 A = Spawn XP
 B = Non-spawn XP
 C = Spawn XP percentage of total XP
 D = Spawn monster count
 E = Non-spawn monster count
 F = Spawn count percentage of total count
 G = Total turns spent on level
                    A         B        C        D         E        F      G
               +---------+---------+-------+---------+---------+-------+---------
         Total |       0 |      15 |   0.0 |       0 |      12 |   0.0 |   900
               +---------+---------+-------+---------+---------+-------+---------
           D:1 |       0 |      15 |   0.0 |       0 |      12 |   0.0 |   900
               +---------+---------+-------+---------+---------+-------+---------
